 Dungeon Crawl Stone Soup version 0.30-a0-722-g3e6e8c874d (webtiles) character file.

Game seed: 5270114680180636635

74 porpoise the Chopper (level 4, -4/41 HPs)
             Began as a Hill Orc Monk on Jan 28, 2023.
             Splashed by a jelly's acid (5 damage)
             ... on level 4 of the Dungeon.
             The game lasted 00:09:57 (2213 turns).

porpoise the Chopper (Hill Orc Monk)                Turns: 2213, Time: 00:09:58

Health: -4/41      AC: -2    Str: 15    XL:     4   Next: 28%
Magic:  4/4        EV: 10    Int: 10    God:
Gold:   136        SH:  0    Dex: 13    Spells: 3/3 levels left

rFire   . . .      SeeInvis .    a - +0 hand axe
rCold   . . .      Faith    .    (no shield)
rNeg    . . .      Spirit   .    s - +0 scale mail
rPois   +          Reflect  .    (no helmet)
rElec   .          Harm     .    (no cloak)
rCorr   .          Rampage  .    (no gloves)
Will    .....                    (no boots) Stlth
                                 m - amulet of magic regeneration
HPRegen 0.26/turn                i - ring of poison resistance
MPRegen 0.49/turn                (no ring)

@: corroded
A: no striking features
a: no special abilities


You were on level 4 of the Dungeon.
You visited 1 branch of the dungeon, and saw 4 of its levels.

You collected 136 gold pieces.

Inventory:

Hand Weapons
 a - a +0 hand axe (weapon)
Missiles
 d - 3 poisoned darts (quivered)
Armour
 s - a +0 scale mail (worn)
Jewellery
 i - a ring of poison resistance (left hand)
 m - an amulet of magic regeneration (around neck)
Scrolls
 e - 2 scrolls of amnesia {unknown}
 f - 2 scrolls of fear {unknown}
 h - 3 scrolls of identify {unknown}
 j - a scroll of silence {unknown}
 k - 4 scrolls of teleportation {unknown}
 l - a scroll of poison {unknown}
 q - a scroll of fog {unknown}
Potions
 b - 2 potions of mutation {unknown}
 c - 2 potions of ambrosia
 g - a potion of lignification {unknown}
 n - 2 potions of curing {unknown}
 p - a potion of heal wounds {unknown}
 r - a potion of berserk rage {unknown}


   Skills:
 + Level 4.5 Fighting
 * Level 5.9 Axes
 - Level 2.4 Dodging
 - Level 1.5 Stealth


You had 3 spell levels left.
You didn't know any spells.
Your spell library contained the following spells:

 Spells                   Type           Power      Damage    Failure   Level
 Apportation              Tloc           0%         N/A       85%         1
 Beastly Appendage        Tmut           0%         N/A       85%         1
 Necrotise                Necr           0%         1d4       85%         1
 Summon Small Mammal      Summ           0%         N/A       85%         1
 Wereblood                Tmut           0%         N/A       94%         2
 Spider Form              Tmut/Pois      0%         N/A       99%         3


Dungeon Overview and Level Annotations

Branches:
Dungeon (4/15)
 Temple: D:4-7

Altars:
Ru

Annotations:
D:3 2 runed translucent doors, Dittersdorf's ghost, amateur GrFi


Message History

Done exploring.
(D) Dungeon
Where to? (Enter - D:3, ? - help) Dittersdorf's ghost says, "You cannot hurt me!"
Dittersdorf's ghost says, "I am invincible!"
There is a stone staircase leading down here.
You climb downwards.
The goblin shouts!
The jelly quivers.
Found 2 fizzy purple potions and a scroll labelled COPYW PYZOUZ.
Found a stone staircase leading up.
There is a stone staircase leading up here.
There are monsters nearby!
You closely miss the goblin. The goblin hits you but does no damage.
You hit the goblin.
You kill the goblin!
You slash the jelly! The acid corrodes you!
Your hands burn!
The jelly is heavily wounded.
The jelly hits you but does no damage.
You slash the jelly!
Your hands burn!
The jelly is almost dead.
The jelly hits you but does no damage.
You completely miss the jelly.
The jelly is almost dead.
The jelly hits you.
You are splashed with acid.
You completely miss the jelly.
The jelly is almost dead.
The jelly hits you. The acid corrodes you!
You are splashed with acid!
You are too injured to fight recklessly!
You hit the jelly but do no damage.
Your hands burn!
The jelly is almost dead.
The jelly hits you.
You are splashed with acid!
* * * LOW HITPOINT WARNING * * *
You hit the jelly but do no damage.
Your hands burn!
* * * LOW HITPOINT WARNING * * *
The jelly is almost dead.
The jelly hits you.
* * * LOW HITPOINT WARNING * * *
You are splashed with acid.
You die...

#......##
..?.....
#...!..#
##......#
......#
#.....###
#.J<....#
#.@).#
#..###
....#
####..
###


You could see a jelly.

Vanquished Creatures
  An adder (D:2)
  A white imp (D:3)
  2 worms
  A dart slug (D:3)
  2 orcs (D:3)
  5 ball pythons
  3 endoplasms
  A giant cockroach (D:1)
  4 goblins
  5 hobgoblins
  2 jackals (D:1)
  A quokka (D:2)
  6 bats
  8 frilled lizards
  2 kobolds
  4 rats
48 creatures vanquished.

Notes
Turn   | Place    | Note
-------+----------+-------------------------------------------
     0 | D:1      | porpoise the Hill Orc Monk began the quest for the Orb.
     0 | D:1      | Reached XP level 1. HP: 19/19 MP: 1/1
    55 | D:1      | Reached XP level 2. HP: 27/27 MP: 2/2
   601 | D:2      | Found a sacrificial altar of Ru.
   737 | D:2      | Reached skill level 5 in Axes
   826 | D:2      | Reached XP level 3. HP: 30/33 MP: 3/3
  1636 | D:3      | Reached XP level 4. HP: 38/41 MP: 4/4
  2052 | D:3      | Found a large runed translucent door.
  2052 | D:3      | Found a large runed translucent door.
  2054 | D:3      | Noticed Dittersdorf's ghost (amateur GrFi)
  2213 | D:4      | HP: 2/41 [acid (4)]
  2213 | D:4      | Splashed by a jelly's acid

Illustrated notes

Levels and vault maps discovered:
D:1:      noname_arrival_rooms_in_the_neighbourhood, layout_rooms,
          chequers_serial_rivers_room_a, wander_ebering_terrifying_dragon_lair
D:2:      layout_basic, basic_altar, minmay_misc_feat_secret_circle
D:3:      layout_loops_ring, ebering_ghost_disaster_area
D:4:      minmay_razor_zed, layout_basic, uniq_pikel

Skill      XL: |  1  2 |
---------------+-------+-----
Fighting       | 4 |  4.5
Axes           | 5 |  5.9
Dodging        | |  2.4
Stealth        | |  1.5

Action                     |  1- 3 |  4- 6 || total
---------------------------+-------+-------++-------
  Melee: Hand axe          |   112 |    38 ||   150
   Stab: Sleeping          |     2 |       ||     2
 Armour: Robe              |    10 |       ||    10
         Ring mail         |    19 |     5 ||    24
         Scale mail        |       |     3 ||     3
  Dodge: Dodged            |    51 |    11 ||    62

Table legend: (Time is in decaauts)
 A = Elapsed time spent in this place.
 B = Non-inter-level travel time spent in this place.
 C = Inter-level travel time spent in this place.
 D = Time resting spent in this place.
 E = Time spent auto-exploring this place.
 F = Levels seen in this place.
 G = Mean time per level.
                   A        B        C        D        E       F      G
               +--------+--------+--------+--------+--------+-----+--------+
         Total |   2218 |   2154 |     64 |    326 |   1403 |   4 |  554.5 |
       Dungeon |   2218 |   2154 |     64 |    326 |   1403 |   4 |  554.5 |
               +--------+--------+--------+--------+--------+-----+--------+

Top non-repeatable levels by time:
     D:3: 850 daAuts
     D:2: 751 daAuts
     D:1: 603 daAuts
     D:4: 11 daAuts
